 Dungeon Sprint DCSS version 0.30-a0-711-gf4ac18a38d (webtiles) character file.

Game seed: 2153369338774634208

29 rocky1 the Basher (level 7, -9/40 HPs)
             Began as a Gargoyle Gladiator on Jan 23, 2023.
             Was an Initiate of Gozag.
             Mangled by a guardian mummy (14 damage)
             ... in the Dungeon (Sprint VI: "Thunderdome").
             The game lasted 00:03:01 (398 turns).

rocky1 the Basher (Gargoyle Gladiator)               Turns: 398, Time: 00:03:01

Health: -9/40      AC: 11    Str: 20    XL:     7   Next: 8%
Magic:  7/7        EV: 10    Int:  8    God:    Gozag
Gold:   712        SH:  0    Dex: 11    Spells: 6/6 levels left

rFire   . . .      SeeInvis .    p - +0 great mace
rCold   . . .      Faith    .    (shield currently unavailable)
rNeg    + . .      Spirit   .    q - +0 scale mail
rPois   ∞          Reflect  .    c - +0 helmet
rElec   +          Harm     .    (no cloak)
rCorr   .          Rampage  .    (no gloves)
Will    .....      NoTele   +    (no boots) Stlth
                                 (no amulet)
HPRegen 0.26/turn                (no ring)
MPRegen 0.10/turn                (no ring)

@: no status effects
A: sickness immunity, AC +4, negative energy resistance 1, electricity
resistance, torment resistance 1, petrification resistance
a: Renounce Religion, Potion Petition, Call Merchant, Bribe Branch


You were in the Dungeon.
You worshipped Gozag.
Gozag was pleased with you.
You visited 1 branch You collected 907 gold pieces.
You spent 195 gold pieces at shops.

Inventory:

Hand Weapons
 a - a +0 flail
 p - a +0 great mace (weapon)
Missiles
 d - 2 throwing nets (quivered)
 e - a javelin
Armour
 b - a +0 leather armour
 c - a +0 helmet (worn)
 f - a +2 robe
 q - a +0 scale mail (worn)
Wands
 m - a wand of acid (2)
 n - a wand of roots (2)
Scrolls
 k - 4 scrolls of blinking
 o - 3 scrolls of fog
Potions
 g - 4 potions of heal wounds
 h - 4 potions of haste
 i - 2 potions of magic
 j - a potion of berserk rage
 l - a potion of resistance


   Skills:
 - Level 2.1 Fighting
 + Level 14.7 Maces & Flails
 - Level 1.7 Throwing
 - Level 2.4 Dodging


You had 6 spell levels left.
You didn't know any spells.
Your spell library was empty.

Dungeon Overview and Level Annotations

Branches:
Dungeon (1/1)

Altars:
Cheibriados
Dithmenos
Fedhas
Gozag
Kikubaaqudgha
Makhleb
Okawaru
Qazlal
Ru
Sif Muna
Trog
Uskayaw
Vehumet
Wu Jian
Xom
Yredelemnul
Zin
The Shining One
Lugonu

Shops:
D *[??*?*:[((!!!!


Innate Abilities, Weirdness & Mutations

You are immune to sickness and miasma.
Your stone body is resilient. (AC +4)
You are immune to poison.
You resist negative energy. (rN+)
You are resistant to electric shocks. (rElec)
You are resistant to unholy torment.
You are immune to petrification.


Message History

You destroy the mummy!
A mummy comes into view.
You see here 63 gold pieces.
A mummy is nearby!
The mummy is distracted by your dazzling golden aura.
The mummy is no longer distracted by gold.
You sock the mummy!
The mummy is severely damaged.
The mummy hits you!
You barely miss the mummy.
The mummy is severely damaged.
The mummy misses you.
You hit the mummy.
The mummy is severely damaged.
You hit the mummy.
The mummy is almost destroyed.
The mummy hits you but does no damage.
You hit the mummy.
The mummy is almost destroyed.
You barely miss the mummy.
The mummy is almost destroyed.
The mummy completely misses you.
You sock the mummy!
You destroy the mummy!
You now have 649 gold pieces (gained 72).
You now have 712 gold pieces (gained 63).
You start resting.
A mummy and a guardian mummy come into view.
The guardian mummy hits you but does no damage.
You bludgeon the guardian mummy!!
The guardian mummy is heavily damaged. 50...
The guardian mummy hits you!!
Ouch! That really hurt!
* * * LOW HITPOINT WARNING * * *
You barely miss the guardian mummy.
The guardian mummy is heavily damaged.
The guardian mummy hits you!
You die...
Your body crumbles into a pile of gold.

#.....# ##.....##
##∩.M...∩## #∩.......∩#
#_......._# #_......._#
#_......._# ###.........###
#§M@......)..⌠#
######.8.........8.######
##.___).....###........_∩#
###∩........8.# #.8........∩
#.............###...........
⌠..........###...###........
⌠..........# #.<.# #........
⌠..........###...###........
#.............###...........


You could see a guardian mummy and a mummy.

Vanquished Creatures
  Sigmund (D)
  Menkaure (D)
  Pargi (D)
  Terence (D)
  3 mummies (D)
  2 river rats (D)
  A quokka (D)
  A ball python (D)
  A frilled lizard (D)
  A rat (D)
13 creatures vanquished.

Notes
Turn   | Place    | Note
-------+----------+-------------------------------------------
     0 | D        | rocky1 the Gargoyle Gladiator began the quest for the Orb.
     0 | D        | Reached XP level 1. HP: 12/12 MP: 1/1
     4 | D        | Found a shimmering altar of Xom.
     4 | D        | Found an iron altar of Okawaru.
     5 | D        | Round 1.
     7 | D        | Found an ancient bone altar of Kikubaaqudgha.
     7 | D        | Found a hide-covered altar of Uskayaw.
     8 | D        | Found a blossoming altar of Fedhas.
     9 | D        | Found Ykle Tuiwk's Do-It-Yourself Clinic.
     9 | D        | Found Madinein's Distillery.
    10 | D        | Found Meepsa's Bottled Wisdom.
    10 | D        | Found Daodosisu's Distillery.
    11 | D        | Found a sacrificial altar of Ru.
    12 | D        | Found Gitimoh's Weapon Rack.
    14 | D        | Found a basalt altar of Yredelemnul.
    14 | D        | Found a shimmering blue altar of Sif Muna.
    14 | D        | Found a radiant altar of Vehumet.
    14 | D        | Found Uzeonaih's Premium Goods.
    16 | D        | Found Ylon's Basic Armour.
    16 | D        | Found Nonkan's Miscellaneous Merchandise.
    19 | D        | Found a glowing golden altar of the Shining One.
    21 | D        | Found a snail-covered altar of Cheibriados.
    22 | D        | Found Awkawk's Identification Station.
    24 | D        | Found Ecsoen's Advanced Armour.
    24 | D        | Found Obanei's Jewellery.
    27 | D        | Found a shadowy altar of Dithmenos.
    27 | D        | Found an ornate altar of the Wu Jian Council.
    27 | D        | Found a stormy altar of Qazlal.
    31 | D        | Found an opulent altar of Gozag.
    31 | D        | Noticed Sigmund
    32 | D        | Found a bloodstained altar of Trog.
    37 | D        | Killed Sigmund
    38 | D        | Reached skill level 11 in Maces & Flails
    38 | D        | Reached XP level 2. HP: 17/17 MP: 2/2
    38 | D        | Reached XP level 3. HP: 21/21 MP: 3/3
    38 | D        | Reached XP level 4. HP: 26/26 MP: 4/4
    38 | D        | Reached XP level 5. HP: 30/30 MP: 5/5
    82 | D        | Found a corrupted altar of Lugonu.
    83 | D        | Found Ystres's Magic Scroll Shop.
    85 | D        | Found Wameet's Magic Scroll Shop.
    85 | D        | Found Yqukyc's Must-Have Magic.
    89 | D        | Became a worshipper of Gozag Ym Sagoz the Greedy
    90 | D        | Found a glowing silver altar of Zin.
    90 | D        | Found a burning altar of Makhleb.
    90 | D        | Found Rauphao's Staff Store.
   119 | D        | Bought a +0 great mace for 195 gold pieces
   147 | D        | Noticed Terence
   157 | D        | Killed Terence
   184 | D        | Arena points: 5 (+5) [x1]
   199 | D        | Round 2.
   210 | D        | Noticed Pargi
   219 | D        | Killed Pargi
   220 | D        | Reached skill level 13 in Maces & Flails
   220 | D        | Reached XP level 6. HP: 35/35 MP: 6/6
   226 | D        | Arena points: 29 (+24) [x2]
   272 | D        | Round 3.
   314 | D        | Noticed Menkaure
   320 | D        | Killed Menkaure
   321 | D        | Reached skill level 14 in Maces & Flails
   321 | D        | Reached XP level 7. HP: 23/40 MP: 7/7
   394 | D        | Noticed a guardian mummy
   398 | D        | Mangled by a guardian mummy

Illustrated notes

Levels and vault maps discovered:
D:        arena_sprint

Skill      XL: |  1  2  3  4  5  6 |
---------------+-------------------+-----
Maces & Flails | 11 13 14 | 14.7
Fighting       | |  2.1
Throwing       | |  1.7
Dodging        | |  2.4

Action                     |  1- 3 |  4- 6 |  7- 9 || total
---------------------------+-------+-------+-------++-------
  Melee: Flail             |     2 |    16 |       ||    18
         Great mace        |       |     5 |    14 ||    19
  Throw: Throwing net      |       |     3 |       ||     3
  Evoke: Wand              |     2 |     4 |       ||     6
    Use: Potion            |     1 |       |       ||     1
   Stab: Held in net/web   |       |     2 |       ||     2
 Armour: Scale mail        |       |     4 |     2 ||     6
         Robe              |       |     2 |       ||     2
  Dodge: Dodged            |     9 |     4 |     3 ||    16

Table legend: (Time is in decaauts)
 A = Elapsed time spent in this place.
 B = Non-inter-level travel time spent in this place.
 C = Inter-level travel time spent in this place.
 D = Time resting spent in this place.
 E = Time spent auto-exploring this place.
 F = Levels seen in this place.
 G = Mean time per level.
                   A        B        C        D        E       F      G
               +--------+--------+--------+--------+--------+-----+--------+
         Total |    394 |    394 |      0 |     36 |      0 |   1 |  394.0 |
       Dungeon |    394 |    394 |      0 |     36 |      0 |   1 |  394.0 |
               +--------+--------+--------+--------+--------+-----+--------+

Top non-repeatable levels by time:
       D: 394 daAuts
